 Dungeon Crawl Stone Soup version 0.29.1-13-g9f3cf754e1 (webtiles) character file.

Game seed: 12880093832808672868

20 croobank the Sneak (level 2, -2/21 HPs)
             Began as an Octopode Delver on Jan 31, 2023.
             Slain by a worm (10 damage)
             ... in a sewer.
             The game lasted 00:03:18 (551 turns).

croobank the Sneak (Octopode Delver)                 Turns: 551, Time: 00:03:18

Health: -2/21      AC:  1    Str: 11    XL:     2   Next: 79%
Magic:  2/2        EV: 13    Int: 12    God:
Gold:   23         SH:  0    Dex: 13    Spells: 1/1 levels left

rFire   . . .      SeeInvis .   a - +0 hand axe
rCold   . . .      Faith    .   (no shield)
rNeg    . . .      Spirit   .   (helmet restricted)
rPois   .          Reflect  .   (no amulet)
rElec   .          Harm     .   (no ring)
rCorr   .          Rampage  .   (no ring)
Will    .....                   (no ring)
Stlth   +++++.....              (no ring)
HPRegen 0.07/turn               (no ring)
MPRegen 0.08/turn               (no ring)
                                (no ring)
                                (no ring)

@: no status effects
A: almost no armour, amphibious, 8 rings, camouflage 1, gelatinous body 1,
nimble swimmer 1, tentacles
a: no special abilities


You were in a sewer.
You visited 1 branch of the dungeon, and saw 3 of its levels.
You also visited: Sewer.

You collected 23 gold pieces.

Inventory:

Hand Weapons
 a - a +0 hand axe (weapon)
Missiles
 j - a throwing net (quivered)
Wands
 f - a wand of digging (4)
 g - a wand of light (3)
Scrolls
 b - a scroll of fog
 d - a scroll of fear
 h - a scroll of identify {unknown}
 i - a scroll of vulnerability {unknown}
Potions
 c - a potion of ambrosia {unknown}
 e - a potion of haste


   Skills:
 + Level 3.2 Fighting
 + Level 2.3 Axes
 + Level 2.3 Dodging
 + Level 6.8 Stealth


You had one spell level left.
You didn't know any spells.
Your spell library contained the following spells:

 Spells                   Type           Power      Damage    Failure   Level
 Foxfire                  Conj/Fire      0%         2x1d4     32%         1
 Conjure Flame            Conj/Fire      0%         6-21      69%         3
 Ignite Poison            Fire/Tmut/Pois 0%         N/A       69%         3
 Inner Flame              Hex/Fire       0%         N/A       69%         3
 Flame Wave               Conj/Fire      0%         2d4       97%         4
 Sticky Flame             Conj/Fire      0%         2d3       97%         4


Dungeon Overview and Level Annotations

Branches:
Dungeon (6/15)             Temple (0/1) D:4           Sewer (1/1)

Altars:

Shops:
D:5 =


Innate Abilities, Weirdness & Mutations

You cannot wear most types of armour.
You are amphibious.
You can wear up to eight rings at the same time.
Your skin changes colour to match your surroundings (Stealth+).
Your rubbery body absorbs attacks. (AC +1, EV +1)
You are camouflaged when in or above water. (Stealth+)
You have tentacles for arms and can constrict up to eight enemies at once.


Message History

A bat comes into view.
A bat comes into view.
The helpless bat fails to defend itself.
You hit the bat.
You kill the bat!
A frilled lizard comes into view.
The bat hits you. The bat barely misses you.
A worm comes into view.
The bat hits you but does no damage.
A quokka comes into view.
The bat hits you but does no damage. The bat barely misses you.
You slash the bat!
You kill the bat!
You miss the frilled lizard. The frilled lizard bites you.
You miss the frilled lizard. Your grab misses the frilled lizard.
The frilled lizard barely misses you.
The frilled lizard bites you but does no damage.
You closely miss the frilled lizard. Your grab misses the frilled lizard.
The frilled lizard barely misses you.
You miss the frilled lizard. Your grab misses the frilled lizard.
The frilled lizard bites you.
You barely miss the frilled lizard. Your grab misses the frilled lizard.
The frilled lizard bites you.
You hit the frilled lizard.
You kill the frilled lizard!
You see here a frilled lizard corpse.
The helpless worm fails to defend itself.
You hit the worm. You grab the worm.
The worm is lightly wounded.
You constrict the worm. You hit the worm.
The worm is heavily wounded.
You constrict the worm.
The worm splashes around in the water.
You hit the worm but do no damage.
The worm is heavily wounded.
You constrict the worm. The worm bites you!
You hit the worm but do no damage.
The worm is severely wounded.
You constrict the worm. The worm bites you!
You die...

#~≈~# #~≈~# #.≈~# #~≈.#
#~≈~# #~≈~#
####~≈~#################
.~~~~.~~~~~~†~.~@wr~~~~~
≈≈≈≈≈≈≈≈≈≈≈†≈≈≈≈≈≈≈≈≈≈≈≈
~~~.~~~~~.~~.~~BBr~~~~~~
########################


You could see a worm, 2 quokkas and 2 giant cockroaches.

Vanquished Creatures
  An adder (D:4)
  3 bats (Sewer)
  An endoplasm (D:4)
  2 giant cockroaches (Sewer)
  2 ball pythons (Sewer)
  A frilled lizard (Sewer)
10 creatures vanquished.

Notes
Turn   | Place    | Note
-------+----------+-------------------------------------------
     0 | D:5      | croobank the Octopode Delver began the quest for the Orb.
     0 | D:5      | Reached XP level 1. HP: 16/16 MP: 1/1
    27 | D:6      | Noticed a phantom
   119 | D:5      | Found Ykharadgh's Jewellery Emporium.
   171 | D:4      | Found a glowing drain.
   178 | D:4      | Reached XP level 2. HP: 11/21 MP: 2/2
   358 | Sewer    | Entered a sewer
   551 | Sewer    | Slain by a worm

Illustrated notes

Levels and vault maps discovered:
D:4:      layout_loops_ring, mainiacjoe_overflow_small_starburst,
          minmay_temple_entry_nine_rooms, portal_sewer_entry_d,
          nicolae_concentric_dashed_squares_wild, minivault_14,
          minmay_box_of_dots
D:5:      layout_cave_pods, serial_shops, shop, uniq_eustachio
D:6:      layout_rooms, serial_shops, nicolae_shop_behind_doors
Sewer:    sewer_fruit_machine

Action                   || total
-------------------------++-------
Melee: Hand axe          ||    21
       Tentacles         ||     4
       Constrict         ||     3
  Use: Scroll            ||     1
 Stab: Sleeping          ||     5
Armor: Skin              ||     4
Dodge: Dodged            ||    12
